 Dungeon Crawl Stone Soup version 0.26-a0-720-g2a1d101370 (webtiles) character file.

Game seed: 12258760642481798390

1015 Murumi the Chucker (level 8, -6/78 HPs)
             Began as an Ogre Conjurer on Nov 2, 2020.
             Killed from afar by Eustachio (9 damage)
             ... with a puff of flame
             ... on level 6 of the Dungeon.
             The game lasted 00:22:07 (6629 turns).

Murumi the Chucker (Ogre Conjurer)                  Turns: 6629, Time: 00:22:07

Health: -6/78      AC:  4    Str: 26    XL:     8   Next: 21%
Magic:  9/12       EV:  9    Int: 14    God:
Gold:   433        SH:  0    Dex: 15    Spells: 10/13 levels left

rFire    . . .     SeeInvis .   p - +0 whip
rCold    . . .     Faith    .   (no shield)
rNeg     . . .     Spirit   .   a - +0 robe
rPois    .         Reflect  .   (helmet restricted)
rElec    .         Harm     .   s - +0 cloak
rCorr    .         Rampage  .   (gloves unavailable)
MR       .....                  (boots unavailable)
Stlth    ++........             (no amulet)
HPRegen  0.23/turn              g - ring "Donuitir" {Str+6 Int-5 Dex+8}
MPRegen  0.13/turn              m - +6 ring of strength

@: very slightly contaminated, heavily drained, invisible
A: large, unfitting armour, tough skin 1
a: no special abilities


You were on level 6 of the Dungeon.
You visited 2 branches of the dungeon, and saw 7 of its levels.

You collected 433 gold pieces.

Inventory:

Hand Weapons
 i - a +0 flail
 p - a +0 whip (weapon)
 r - a cursed +0 giant spiked club
Missiles
 f - 133 stones
 k - 28 poisoned darts
 l - 4 large rocks (quivered)
Armour
 a - a +0 robe (worn)
 s - a +0 cloak (worn)
Jewellery
 b - an uncursed ring of stealth
 g - the ring "Donuitir" (left hand) {Str+6 Int-5 Dex+8}
   (You found it on level 4 of the Dungeon)

   [ring of strength]

   It affects your strength (+6).
   It affects your intelligence (-5).
   It affects your dexterity (+8).
 m - a +6 ring of strength (right hand)
Wands
 d - a wand of random effects (20)
Scrolls
 c - 6 scrolls of teleportation
 j - 5 scrolls of remove curse
 q - a scroll of enchant weapon
Potions
 e - 3 potions of haste
 h - 2 potions of stabbing
 n - 2 potions of resistance
 o - 2 potions of flight
 u - 2 potions of heal wounds


   Skills:
 - Level 4.0(2.3) Fighting
 - Level 5.0(3.2) Maces & Flails
 + Level 5.1(3.3) Throwing
 - Level 1.0(0.0) Armour
 - Level 2.0(0.4) Dodging
 - Level 2.0(0.4) Stealth
 - Level 3.0(1.3) Spellcasting
 - Level 4.0(2.3) Conjurations
 - Level 1.0(0.0) Evocations


You had 10 spell levels left.
You knew the following spells:

 Your Spells              Type           Power        Failure   Level
a - Magic Dart            Conj           #...         10%         1
b - Searing Ray           Conj           #.....       16%         2

Your spell library contained the following spells:

 Spells                   Type           Power        Failure   Level
 Corona                   Hex            #......      26%         1
 Ensorcelled Hibernation  Hex/Ice        #.....       36%         2
 Dazzling Flash           Conj/Hex       #.....       43%         3
 Confusing Touch          Hex            #.......     58%         3
 Tukima's Dance           Hex            #.......     58%         3
 Fulminant Prism          Conj/Hex       #.........   85%         4
 Iskenderun's Mystic Bla  Conj/Tloc      #.......     85%         4


Dungeon Overview and Level Annotations

Branches:
Dungeon (6/15)             Temple (1/1) D:4

Altars:
Ashenzari
Cheibriados
Dithmenos
Gozag
Hepliaklqana
Kikubaaqudgha
Makhleb
Nemelex Xobeh
Qazlal
Sif Muna
Trog
Wu Jian
Xom
Yredelemnul
Zin
The Shining One

Annotations:
D:6 Eustachio


Innate Abilities, Weirdness & Mutations

You are too large for most types of armour.
You have tough skin. (AC +1)


Message History

The ufetubus barely misses you. The ufetubus closely misses you.
Eustachio growls, "To hell with you, honourless miscreant!"
You hit the ufetubus but do no damage.
The ufetubus is almost dead.
The ufetubus barely misses you. x2; The ufetubus hits you.
* * * LOW HITPOINT WARNING * * *
The ufetubus barely misses you.
You hit the ufetubus but do no damage.
The ufetubus is almost dead.
The ufetubus barely misses you. The ufetubus closely misses you.
You hit the ufetubus.
You kill the ufetubus!
You hear the slow rusting of a very distant drain.
Eustachio zaps a wand.
The puff of flame hits you!
* * * LOW HITPOINT WARNING * * *
Found 21 arrows.
You barely miss Eustachio.
Eustachio is heavily wounded.
Eustachio zaps a wand.
The puff of flame hits you!
You die...

..)..#,* *,*** ...$.#.#****,*
******** **** <.......,,,,,*
*,,,,,,* *,,, .......#******
*,****,* *,** .).?...# #########
*,#***,***,** .......#
#.......###.##...,,,,,, ......##
#........<.....#,***,** ......#
##..####.###.####,* *,** ##...##
#...(..@.# *,).,,,* *,,, *...#
#...#.#@.# ***##*** **** *,,,*
#,,.(,...# * *,,,*
*...,...$#************** #...#
#..*.##.##*,,,,,,,,,,,,*
##...#####.,..,..# *,,,,,,,****,*
........,.,..,,..#**,,,,,,,***,,,
.......,,,..*,*#.(,,,,,,,,,*,,,,,
,.....,,,,,,*,,,,,**,,,,,,,*,*,,,


You could see Eustachio.

Vanquished Creatures
  Grinder (D:3)
  An ice beast (D:5)
  A sky beast (D:5)
  An ogre (D:4)
  A centaur (D:4)
  2 wights (D:5)
  A hound (D:5)
  An orc priest (D:5)
  2 orc wizards (D:5)
  A gnoll shaman (D:5)
  Ijyb (D:3)
  A worker ant (D:5)
  A hound zombie (D:5)
  3 gnolls (D:5)
  3 adders
  3 white imps (D:5)
  An ufetubus (D:6)
  An adder skeleton (D:4)
  A worm (D:3)
  3 dart slugs
  7 leopard geckos
  11 orcs
  7 giant cockroaches
  6 goblins
  7 hobgoblins
  4 jackals (D:5)
  A ball python (D:5)
  6 bats
  9 frilled lizards
  3 kobolds
  4 rats
95 creatures vanquished.

Notes
Turn   | Place    | Note
-------+----------+-------------------------------------------
     0 | D:1      | Murumi the Ogre Conjurer began the quest for the Orb.
     0 | D:1      | Reached XP level 1. HP: 16/16 MP: 3/3
   513 | D:1      | Reached XP level 2. HP: 24/24 MP: 1/6
   517 | D:1      | Learned a level 2 spell: Searing Ray
  1088 | D:2      | Reached XP level 3. HP: 17/31 MP: 0/7
  1710 | D:2      | Reached skill level 1 in Throwing
  1944 | D:3      | Reached skill level 1 in Maces & Flails
  1944 | D:3      | Reached XP level 4. HP: 40/40 MP: 4/8
  1962 | D:3      | Reached skill level 1 in Fighting
  2324 | D:3      | HP: 2/41 [bat (1)]
  2560 | D:3      | Noticed Ijyb
  2607 | D:3      | Killed Ijyb
  3264 | D:3      | Reached XP level 5. HP: 48/48 MP: 5/9
  3342 | D:3      | Noticed Grinder
  3351 | D:3      | Killed Grinder
  3351 | D:3      | Reached skill level 1 in Armour
  3351 | D:3      | Reached skill level 1 in Evocations
  3351 | D:3      | Reached XP level 6. HP: 36/57 MP: 0/10
  3817 | D:4      | Found a staircase to the Ecumenical Temple.
  3826 | Temple   | Entered the Ecumenical Temple
  3968 | D:4      | Got a transparent ivory ring
  3970 | D:4      | Identified the ring "Donuitir" {Str+6 Int-5 Dex+8} (You
                  | found it on level 4 of the Dungeon)
  4352 | D:4      | Reached XP level 7. HP: 32/67 MP: 6/11
  4828 | D:4      | Found a glowing silver altar of Zin.
  4829 | D:4      | Found a broken altar of Ashenzari.
  4867 | D:5      | Entered Level 5 of the Dungeon
  6179 | D:5      | Reached skill level 5 in Throwing
  6356 | D:5      | Reached XP level 8. HP: 64/78 MP: 4/12
  6613 | D:5      | Reached skill level 5 in Maces & Flails
  6620 | D:6      | Noticed Eustachio
  6628 | D:6      | HP: 3/78 [Eustachio/puff of flame (9)]
  6629 | D:6      | Killed from afar by Eustachio

Illustrated notes

Levels and vault maps discovered:
D:1:      psy_arrival_statuary, layout_loops_ring, minmay_close_crescents
D:2:      layout_loops_ring
D:3:      layout_basic, kennysheep_generic_room_16, uniq_ijyb, uniq_grinder
D:4:      layout_loops_corners, gammafunk_temple_overflow_pools, temple_pool_b,
          st_stairs_10
D:5:      layout_gridville
D:6:      layout_loops_cross, portal_sewer_entry_b, makhleb_altar_promises_db,
          uniq_eustachio, uniq_sigmund, uniq_edmund
Temple:   eino_temple_lava

Skill      XL: |  1  2  3  4  5  6  7  8 |
---------------+-------------------------+-----
Spellcasting   | 3 |  3.0
Conjurations   | 4 |  4.0
Dodging        | 2 |  2.0
Stealth        | 2 |  2.0
Throwing       | 1 2 3 4 5 |  5.1
Maces & Flails | 1 2 3 4 5 |  5.0
Fighting       | 1 2 3 4 |  4.0
Armour         | 1 |  1.0
Evocations     | 1 |  1.0

Action                   |  1- 3 |  4- 6 |  7- 9 || total
-------------------------+-------+-------+-------++-------
Melee: Unarmed           |    14 |       |       ||    14
       Club              |     8 |    68 |       ||    76
       Flail             |       |     5 |    38 ||    43
       Whip              |       |       |    52 ||    52
Throw: Stone             |     3 |     1 |    46 ||    50
       Large rock        |     2 |     2 |     4 ||     8
       Dart              |       |     2 |     9 ||    11
 Cast: Magic Dart        |    46 |    58 |    16 ||   120
       Searing Ray       |     2 |     8 |    10 ||    20
  Use: Scroll            |     8 |     5 |     2 ||    15
       Potion            |     1 |     1 |     1 ||     3
 Stab: Sleeping          |       |       |     1 ||     1
       Invisible         |       |       |     2 ||     2
Armor: Robe              |     8 |    32 |    24 ||    64
Dodge: Dodged            |    19 |    47 |    64 ||   130

Table legend: (Time is in decaauts)
 A = Elapsed time spent in this place.
 B = Non-inter-level travel time spent in this place.
 C = Inter-level travel time spent in this place.
 D = Time resting spent in this place.
 E = Time spent auto-exploring this place.
 F = Levels seen in this place.
 G = Mean time per level.
                   A        B        C        D        E       F      G
               +--------+--------+--------+--------+--------+-----+--------+
         Total |   6673 |   6134 |    539 |     90 |   5285 |   7 |  953.3 |
       Dungeon |   6606 |   6078 |    528 |     90 |   5229 |   6 | 1101.0 |
        Temple |     66 |     56 |     10 |      0 |     56 |   1 |   66.0 |
               +--------+--------+--------+--------+--------+-----+--------+

Top non-repeatable levels by time:
     D:5: 1698 daAuts
     D:3: 1596 daAuts
     D:4: 1186 daAuts
     D:2: 1157 daAuts
     D:1: 947 daAuts
  Temple: 66 daAuts
     D:6: 20 daAuts
